 Dungeon Crawl Stone Soup version 0.20.1-1-g8b1a95d66d (webtiles) character file.

15833 NullDivider the Covert (level 12, -1/82 HPs)
             Began as an Octopode Artificer on Dec 5, 2017.
             Was an Elder of Nemelex Xobeh.
             Killed from afar by Erica (22 damage)
             ... with a bolt of poison
             ... on level 2 of the Lair of Beasts.
             The game lasted 01:37:24 (15552 turns).

NullDivider the Covert (Octopode Artificer)        Turns: 15552, Time: 01:37:29

Health: -1/82      AC:  3    Str: 11    XL:     12   Next: 31%
Magic:  19/19      EV: 19    Int: 17    God:    Nemelex Xobeh [****..]
Gold:   896        SH:  0    Dex: 17    Spells: 11/11 levels left

rFire    + . .     SeeInvis .   o - +0 dagger (drain)
rCold    . . .     Gourm    .   (no shield)
rNeg     . . .     Faith    .   (helmet restricted)
rPois    .         Spirit   .   W - amulet of regeneration
rElec    +         Reflect  .   h - ring of protection from cold
rCorr    .         Harm     .   i - +3 ring of intelligence
MR       .....                  J - ring of fire
Stlth    +++.......             (no ring)
Regen    0.7/turn               (no ring)
MPRegen  0.2/turn               (no ring)
                                (no ring)
                                (no ring)

@: confused, lethally poisoned (-1 -> -9)
A: almost no armour, stealthy swim, amphibious, 8 rings, constrict 8, molten
scales 1, camouflage 1, electricity resistance, gelatinous body 1
a: Triple Draw, Deal Four, Renounce Religion


You were on level 2 of the Lair of Beasts.
You worshipped Nemelex Xobeh.
Nemelex Xobeh was greatly pleased with you.
You were not hungry.

You visited 3 branches of the dungeon, and saw 14 of its levels.
You also visited: Ossuary.

You collected 909 gold pieces.
You spent 13 gold pieces at shops.

Inventory:

Hand Weapons
 o - a +0 dagger of draining (weapon)
 D - a +2 falchion of holy wrath
Jewellery
 h - a ring of protection from cold (left tentacle)
 i - a +3 ring of intelligence (right tentacle)
 n - an uncursed amulet of guardian spirit {unknown}
 J - a ring of fire (on tentacle)
 R - an uncursed ring of fire
 W - an amulet of regeneration (around mantle)
Wands
 b - a wand of flame (0/48)
 c - a wand of enslavement (3/24)
 q - a wand of lightning (0/15)
 u - a wand of acid (11/15)
 y - a wand of paralysis (12/24)
 M - a wand of acid (4/15)
 X - a wand of random effects (12/48)
Scrolls
 k - 3 scrolls of fear
 l - 6 scrolls of fog
 p - a scroll of acquirement {unknown}
 s - 2 scrolls of recharging
 t - 2 scrolls of remove curse
 w - 4 scrolls of blinking
 C - 5 scrolls of teleportation
 F - a scroll of magic mapping {unknown}
 G - 4 scrolls of noise
 K - 2 scrolls of enchant weapon {unknown}
 P - a scroll of amnesia {unknown}
 Q - a scroll of random uselessness {unknown}
 V - a scroll of immolation {unknown}
Potions
 a - 3 potions of lignification {unknown}
 e - 2 potions of resistance {unknown}
 g - 2 potions of ambrosia {unknown}
 j - 3 potions of agility {unknown}
 m - 5 potions of curing
 r - 2 potions of mutation {unknown}
 v - 2 potions of flight {unknown}
 z - 2 potions of haste {unknown}
 A - a potion of brilliance {unknown}
 B - 6 potions of heal wounds
 E - a potion of invisibility {unknown}
 H - a potion of might {unknown}
 I - 2 potions of magic {unknown}
 U - a potion of degeneration {unknown}
 Y - a potion of berserk rage {unknown}
Books
 f - a book of Flames

   Spells                             Type                      Level
   a - Flame Tongue                   Conjuration/Fire             1
   b - Throw Flame                    Conjuration/Fire             2
   c - Conjure Flame                  Conjuration/Fire             3
   d - Inner Flame                    Hexes/Fire                   3
   e - Sticky Flame                   Conjuration/Fire             4
   f - Fireball                       Conjuration/Fire             5
Miscellaneous
 d - a legendary deck of summoning
 L - a box of beasts
 N - a plain deck of destruction
 S - a plain deck of summoning
Comestibles
 x - a bread ration
 O - a meat ration


   Skills:
 + Level 8.1 Fighting
 + Level 7.6 Short Blades
 + Level 8.3 Dodging
 + Level 13.3 Stealth
 * Level 7.2 Invocations
 + Level 9.7 Evocations


You had 11 spell levels left.
You didn't know any spells.

Dungeon Overview and Level Annotations

Branches:
Dungeon (11/15)            Temple (1/1) D:4            Lair (2/6) D:9
 Shoals (0/4) Lair:2       Spider (0/4) Lair:2          Orc (0/2) D:11

Altars:
Ashenzari
Cheibriados
Dithmenos
Elyvilon
Fedhas
Gozag
Hepliaklqana
Kikubaaqudgha
Makhleb
Nemelex Xobeh
Okawaru
Qazlal
Ru
Sif Muna
Trog
Uskayaw
Vehumet
Xom
Yredelemnul
Zin
The Shining One

Shops:
D:11 ?

Annotations:
D:10 exclusion: oklob plant
Lair:1 exclusion: 2 oklob plants
Lair:2 Erica


Innate Abilities, Weirdness & Mutations

You cannot wear most types of armour.
You are very stealthy in the water. (Stealth+)
You are amphibious.
You can wear up to eight rings at the same time.
You can use your tentacles to constrict eight enemies at once.
Your skin changes colour to match your surroundings (Stealth+).
Your rubbery body absorbs attacks. (AC +1, EV +1)
You are partially covered in molten scales. (AC +2)
You are resistant to electric shocks. (rElec)


Message History

* * * LOW HITPOINT WARNING * * *
Something burns you.
* * * LOW HITPOINT WARNING * * *
The helpless water moccasin fails to defend itself.
You stick the water moccasin like a pincushion!!!!
You kill the water moccasin!
You feel sick.
You feel sick.
You found a teleport trap!
You feel sick.
You hear some strange, mumbled words.
You are confused.
You feel sick.
You feel sick.
You hear some strange, mumbled words.
A bolt of poison appears from out of thin air!
The bolt of poison hits you!
You are more poisoned.
You die...
Your body glows with a rainbow of weird colours and disappears.

.....## ##...##...#
.....<..######%.....# @#
..........P#.###...†.#..#
........................#
P...........#...........#
.......P....####...###...#
....#......##.#.^.#.###...P.
(..........###........#.#....
.##.........##..@..$.....#####
..........####....#.....#.
...#......# ##...#..#.###
....##....# ####..####
#......## #.# ##.....P# #.###
##....### #...# ##...#.# ##..#
#....##### ##...## #######


There were no monsters in sight!

Vanquished Creatures
  Erolcha (D:11)
  Harold (D:11)
  4 two-headed ogres
  Nergalle (D:11)
  An unseen horror (D:10)
  An ugly thing (D:11)
  A centaur zombie (D:10)
  A komodo dragon (D:11)
  A centaur (D:8)
  Grinder (D:4)
  4 hippogriffs
  A redback (Lair:2)
  15 yaks
  4 water moccasins
  4 orc warriors
  2 black bears
  2 sky beasts
  5 ice beasts
  2 phantoms
  A necrophage (D:11)
  8 ogres
  The ghost of qepasa the Vexing, an amateur FoEn (D:4)
  3 crocodiles
  8 bullfrogs
  A wyvern skeleton (D:7)
  7 scorpions
  11 wights
  9 killer bees
  3 howler monkeys (D:9)
  5 crimson imps
  2 bullfrog zombies
  A bullfrog skeleton (D:10)
  2 orc priests (D:11)
  5 hounds
  2 iguanas
  6 worker ants
  5 orc wizards
  A killer bee zombie (D:7)
  A hound zombie (D:9)
  8 mummies (Ossuary)
  3 worker ant zombies
  12 adders
  2 shadow imps (D:6)
  An adder skeleton (D:4)
  3 worms
  3 dart slugs (D:1)
  3 leopard geckos
  32 orcs
  8 bats
  7 giant cockroaches
  A gnoll zombie (Ossuary)
  6 goblins
  9 hobgoblins
  11 jackals
  A quokka (D:11)
  2 ball pythons (D:5)
  8 frilled lizards
  A hobgoblin zombie (Ossuary)
  2 jackal skeletons
  10 kobolds
  4 kobold zombies (Ossuary)
  2 orc zombies (Ossuary)
  9 rats
  A plant (D:1)
283 creatures vanquished.

Vanquished Creatures (collateral kills)
  An ugly thing (D:11)
  2 yaks (D:10)
  A phantom (D:8)
  2 black bears
  An ogre (D:8)
  A wyvern skeleton (D:8)
  5 wights
  A howler monkey (D:7)
  A bullfrog zombie (D:8)
  An orc priest (D:11)
  A bullfrog skeleton (D:8)
  A killer bee zombie (D:8)
  10 orcs
  A quokka (D:8)
29 creatures vanquished.

Vanquished Creatures (others)
  An ugly thing (D:11)
  An orc warrior (D:11)
  A centaur (D:5)
  A scorpion (D:5)
  An orc (D:5)
  A plant (Lair:1)
6 creatures vanquished.

Grand Total: 318 creatures vanquished

Notes
Turn   | Place    | Note
-------+----------+-------------------------------------------
     0 | D:1      | NullDivider the Octopode Artificer began the quest for the Orb.
     0 | D:1      | Reached XP level 1. HP: 13/13 MP: 3/3
   149 | D:1      | Reached XP level 2. HP: 18/18 MP: 4/4
   368 | D:1      | Reached XP level 3. HP: 22/23 MP: 5/5
   395 | D:1      | Reached skill level 2 in Stealth
  1083 | D:2      | Reached XP level 4. HP: 21/29 MP: 5/7
  1598 | D:2      | Reached skill level 3 in Stealth
  1909 | D:3      | Reached XP level 5. HP: 34/34 MP: 8/8
  1934 | D:3      | Found a blossoming altar of Fedhas.
  2682 | D:4      | Noticed a phantom
  2693 | D:4      | Killed a phantom
  2693 | D:4      | Reached skill level 4 in Stealth
  2693 | D:4      | Reached XP level 6. HP: 26/41 MP: 9/9
  2897 | D:4      | Noticed qepasa's ghost (amateur FoEn)
  2914 | D:4      | Killed qepasa's ghost
  3045 | D:4      | Reached skill level 5 in Stealth
  3045 | D:4      | Reached XP level 7. HP: 20/45 MP: 10/10
  3339 | D:4      | Noticed Grinder
  3344 | D:4      | Paralysed by Grinder for 2 turns
  3353 | D:4      | Killed Grinder
  3353 | D:4      | Reached skill level 5 in Evocations
  3414 | D:4      | Found a blossoming altar of Fedhas.
  3584 | D:4      | Found a staircase to the Ecumenical Temple.
  3605 | Temple   | Entered the Ecumenical Temple
  3646 | Temple   | Became a worshipper of Nemelex Xobeh the Trickster
  3852 | D:4      | Reached skill level 6 in Stealth
  3951 | D:4      | You fall through a shaft for 3 floors!
  3967 | D:6      | Received a gift from Nemelex Xobeh
  3983 | D:5      | Entered Level 5 of the Dungeon
  3997 | D:5      | Reached XP level 8. HP: 36/52 MP: 10/12
  4039 | D:5      | Reached skill level 7 in Stealth
  4260 | D:5      | Found a sand-covered staircase.
  4265 | Ossuary  | Entered an ossuary
  4752 | D:5      | Reached skill level 8 in Stealth
  5030 | D:4      | Reached * piety under Nemelex Xobeh
  5172 | D:5      | Reached skill level 5 in Dodging
  5342 | D:6      | Reached XP level 9. HP: 59/59 MP: 13/13
  5409 | D:6      | Reached skill level 9 in Stealth
  6260 | D:7      | Found a white marble altar of Elyvilon.
  6315 | D:7      | Paralysed by a crimson imp for 2 turns
  6435 | D:7      | Reached skill level 5 in Short Blades
  6435 | D:7      | Reached skill level 10 in Stealth
  6462 | D:7      | Reached ** piety under Nemelex Xobeh
  6679 | D:7      | Reached skill level 5 in Fighting
  7262 | D:8      | Noticed a two-headed ogre
  7266 | D:8      | Killed a two-headed ogre
  7266 | D:8      | Reached skill level 11 in Stealth
  7266 | D:8      | Reached XP level 10. HP: 66/66 MP: 15/15
  7283 | D:8      | Found an iron altar of Okawaru.
  8112 | D:9      | Found a staircase to the Lair.
  8385 | D:9      | Reached *** piety under Nemelex Xobeh
  8454 | D:9      | Received a gift from Nemelex Xobeh
  8554 | D:9      | Noticed a two-headed ogre
  8554 | D:9      | Found a bloodstained altar of Trog.
  8557 | D:9      | Killed a two-headed ogre
  8563 | D:9      | Found a basalt altar of Yredelemnul.
  8576 | D:9      | Found a glowing silver altar of Zin.
  8643 | D:9      | Noticed a two-headed ogre
  8652 | D:9      | Killed a two-headed ogre
  8967 | D:9      | Received a gift from Nemelex Xobeh
  9206 | D:10     | Entered Level 10 of the Dungeon
  9424 | D:10     | Found a glowing golden altar of the Shining One.
  9424 | D:10     | Noticed an oklob plant
  9523 | D:10     | Killed an unseen horror
  9523 | D:10     | Reached skill level 12 in Stealth
  9523 | D:10     | Reached XP level 11. HP: 33/74 MP: 17/17
  9692 | D:10     | HP: 3/74 [hippogriff (5)]
 10059 | D:10     | Received a gift from Nemelex Xobeh
 11682 | D:10     | Reached skill level 5 in Invocations
 12273 | D:11     | Reached **** piety under Nemelex Xobeh
 12299 | D:11     | Noticed Erolcha
 12302 | D:11     | Killed Erolcha
 12437 | D:11     | Noticed a white ugly thing
 12440 | D:11     | Noticed a purple ugly thing
 12441 | D:11     | Noticed Nergalle
 12456 | D:11     | Killed a white ugly thing
 12466 | D:11     | Killed Nergalle
 12486 | D:11     | Gained mutation: You are resistant to electric shocks. (rElec) [mutagenic meat]
 12487 | D:11     | Gained mutation: You are partially covered in molten scales. (AC +2) [mutagenic meat]
 12752 | D:11     | Noticed a green ugly thing
 12828 | D:11     | Found Paivisiq's Magic Scroll Boutique.
 12836 | D:11     | Bought a scroll of noise for 13 gold pieces
 13092 | D:11     | Noticed a two-headed ogre
 13198 | D:11     | Found a staircase to the Orcish Mines.
 13250 | D:11     | Killed a two-headed ogre
 13343 | D:11     | Killed a green ugly thing
 13830 | D:11     | Reached XP level 12. HP: 63/82 MP: 19/19
 14023 | D:11     | Reached skill level 13 in Stealth
 14042 | D:11     | Noticed Harold
 14082 | D:11     | Killed Harold
 14548 | Lair:1   | Entered Level 1 of the Lair of Beasts
 14735 | Lair:1   | Received a gift from Nemelex Xobeh
 15368 | Lair:2   | Found a hole to the Spider Nest.
 15523 | Lair:2   | Noticed Erica
 15528 | Lair:2   | Found a staircase to the Shoals.
 15552 | Lair:2   | Killed from afar by Erica

Skill      XL: |  1  2  3  4  5  6  7  8  9 10 11 12 |
---------------+-------------------------------------+-----
Stealth        | 2 3 4 5 6 8 11 12 13 | 13.3
Evocations     | 4 5 6 7 8 9 |  9.7
Fighting       | 2 3 4 5 6 7 8 |  8.1
Dodging        | 3 4 5 6 7 8 |  8.3
Short Blades   | 2 3 4 5 6 7 |  7.6
Invocations    | 3 6 7 |  7.2

Action                   |  1- 3 |  4- 6 |  7- 9 | 10-12 || total
-------------------------+-------+-------+-------+-------++-------
Melee: Short sword       |     9 |       |       |       ||     9
       Constrict         |    22 |    22 |    41 |    66 ||   151
       Tentacles         |    25 |    16 |    65 |   167 ||   273
       Dagger            |    92 |   114 |   236 |   651 ||  1093
Invok: Triple Draw       |       |       |       |     2 ||     2
Evoke: Wand              |       |    11 |    19 |    34 ||    64
       Deck              |       |       |     2 |    10 ||    12
  Use: Scroll            |       |       |     3 |     8 ||    11
 Stab: Sleeping          |     8 |     9 |    20 |    19 ||    56
       Distracted        |       |     2 |       |     3 ||     5
       Paralysed         |       |       |     2 |     5 ||     7
       Betrayed ally     |       |       |       |     1 ||     1
  Eat: Chunk             |       |     6 |    13 |    28 ||    47
       Fruit             |       |       |       |     1 ||     1
Armor: Skin              |     6 |    10 |     3 |    23 ||    42
Dodge: Dodged            |    43 |    60 |    96 |   376 ||   575
